 Seeded DCSS version 0.29-a0-1027-gcd8c55af63 (webtiles) character file.

Game seed: 13446783111955669000 (custom seed)

1551 hikkokomori the Firebug (level 9, -2/72 (74) HPs)
             Began as a Meteoran Fire Elementalist on Aug 13, 2022.
             Was a Follower of Vehumet.
             Slain by a wight
             ... wielding a +2 great sword
              (18 damage)
             ... on level 6 of the Dungeon.
             The game lasted 00:20:11 (3308 turns).

hikkokomori the Firebug (MeFE)                      Turns: 3308, Time: 00:20:12

HP:   -2/72 (74)    AC:  9    Str: 16    XL:     9   Next: 34%
MP:   2/20          EV: 12    Int: 27    God:    Vehumet [*.....]
Gold: 226           SH:  0    Dex: 15    Spells: 14/21 levels left

rFire   . . .      SeeInvis .   o - +4 quarterstaff (chaos)
rCold   . . .      Faith    .   (shield currently unavailable)
rNeg    . . .      Spirit   .   t - +4 ring mail
rPois   .          Reflect  .   (no helmet)
rElec   .          Harm     .   (no cloak)
rCorr   .          Rampage  .   (no gloves)
Will    +....                   q - -1 pair of boots of the Known World {Stlth+}
Stlth   +.........              (no amulet)
HPRegen 0.22/turn               k - +6 ring of strength
MPRegen 0.17/turn               l - +6 ring of intelligence

@: hasted, glowing, lightly drained, very quick
A: sense surroundings 2, otherworldly, glowing, explore regen
a: Renounce Religion


You were on level 6 of the Dungeon.
You worshipped Vehumet.
Vehumet was aware of your devotion.
You visited 2 branches of the dungeon, and saw 7 of its levels.

You collected 226 gold pieces.

Inventory:

Hand Weapons
 d - a +0 dagger
 h - a +0 dagger of draining
 o - a +4 quarterstaff of chaos (weapon)
Armour
 a - a +2 robe
 p - a +0 cloak
 q - the -1 pair of boots of the Known World (worn) {Stlth+}
   (You found it on level 4 of the Dungeon)

   Stlth:     It makes you more stealthy.
 t - a +4 ring mail (worn)
Jewellery
 b - a ring of wizardry
 k - a +6 ring of strength (left hand)
 l - a +6 ring of intelligence (right hand)
Scrolls
 c - a scroll of noise
 j - 2 scrolls of fear
 s - a scroll of teleportation
 u - a scroll of poison
 w - 2 scrolls of butterflies
Potions
 e - 2 potions of heal wounds
 f - a potion of haste
 g - a potion of might
 i - a potion of lignification {unknown}
 m - 2 potions of mutation
 n - a potion of ambrosia {unknown}
 r - a potion of cancellation {unknown}
 v - a potion of curing


   Skills:
 + Level 5.4 Fighting
 + Level 4.3 Dodging
 - Level 1.4 Stealth
 + Level 6.7 Spellcasting
 + Level 6.2 Conjurations
 + Level 7.1 Fire Magic


You had 14 spell levels left.
You knew the following spells:

 Your Spells              Type           Power      Damage    Failure   Level
a - Foxfire               Conj/Fire      100%       2x1d9     1%          1
b - Scorch                Fire           94%        2d9       1%          2
c - Flame Wave            Conj/Fire      45%        2d12      8%          4

Your spell library contained the following spells:

 Spells                   Type           Power      Damage    Failure   Level
 Shock                    Conj/Air       100%       1d9       3%          1
 Conjure Flame            Conj/Fire      45%        6-21      2%          3
 Static Discharge         Conj/Air       26%        3-7/arc   4%          2
 Inner Flame              Hex/Fire       28%        N/A       8%          3
 Sticky Flame             Conj/Fire      45%        2d6       8%          4
 Freeze                   Ice            36%        1d6       12%         1
 Hailstorm                Conj/Ice       26%        3d7       32%         4
 Frozen Ramparts          Ice            18%        1d3       34%         3
 Dispel Undead            Necr           9%         3d8       75%         4


Dungeon Overview and Level Annotations

Branches:
Dungeon (6/15) Zot: 560    Temple (1/1) D:5 Zot: 523

Altars:
Ashenzari
Dithmenos
Fedhas
Makhleb
Nemelex Xobeh
Qazlal
Trog
Vehumet
Zin
The Shining One


Innate Abilities, Weirdness & Mutations

You passively map the area around you.
You are easily found by Zot.
You glow in the dark.
You regain HP and MP as you explore.


Message History

Vehumet accepts your kill.
You hit the necrophage but do no damage.
The necrophage is lightly damaged.
The necrophage hits you but does no damage.
Your magical contamination has completely faded away.
You sock the necrophage! You burn the necrophage.
The necrophage is severely damaged.
The necrophage hits you but does no damage.
You sock the necrophage!
Lightning courses through the necrophage!
You destroy the necrophage!
Vehumet accepts your kill.
Your life force feels restored.
You closely miss the orc. The orc hits you with a +0 short sword.
You hit the orc.
The orc is lightly wounded.
You hit the orc. Lightning courses through the orc!
You kill the orc!
Vehumet accepts your kill.
You hit the orc.
You feel better.
The orc is lightly wounded.
You closely miss the orc.
The orc is lightly wounded.
The orc barely misses you.
You hit the orc.
The orc is poisoned.
The orc is moderately wounded.
The orc hits you with a +0 club.
You thump the orc! You freeze the orc.
You kill the orc!
Vehumet accepts your kill.
You hit the wight. You burn the wight.
The wight is lightly damaged.
The wight hits you with a +2 great sword!
* * * LOW HITPOINT WARNING * * *
You feel drained.
* * * LOW HITPOINT WARNING * * *
You hit the wight.
The wight easily resists.
The wight is heavily damaged.
The wight hits you with a +2 great sword!!
You die...

, .. ,,*#..†<....# * ,o.. ,
<##..))...... , ,#o. , ,
..#.......... .. ,*#
.............. * #.
*,.#....#.......... *,
#.###......#.#######..
########.)........#. #..
#......##..###...... ##..
#.........oz@#....#* #...
#......#####).....# ####...
#......# #..#...## #......
#......# #..##...####.##...
#......### #..#.........##...
#........###.....##..#####...
#......#..###...####.# ##..
#......##...#..## #.# ##.
###########)#..# #.. ##


You could see a wight and an orc.

Vanquished Creatures
  Sigmund (D:4)
  An ogre (D:5)
  2 phantoms
  5 bullfrogs
  3 necrophages
  3 wights (D:6)
  A hound (D:4)
  Crazy Yiuf (D:4)
  A gnoll bouda (D:6)
  2 iguanas (D:5)
  5 orc wizards
  7 gnolls
  7 adders
  A shadow imp (D:3)
  A white imp (D:5)
  A worm (D:5)
  4 dart slugs
  20 orcs
  2 endoplasms
  3 giant cockroaches
  6 goblins
  3 hobgoblins
  8 jackals
  3 kobolds
  4 ball pythons
  7 bats
  2 frilled lizards (D:2)
  A rat (D:1)
105 creatures vanquished.

Vanquished Creatures (others)
  An orc wizard (D:4)
  35 foxfires
  A plant (D:5)
37 creatures vanquished.

Grand Total: 142 creatures vanquished

Notes
Turn   | Place    | Note
-------+----------+-------------------------------------------
     0 | D:1      | hikkokomori the Meteoran Fire Elementalist began the quest
                  | for the Orb.
     0 | D:1      | Reached XP level 1. HP: 14/14 MP: 5/5
   106 | D:1      | Reached XP level 2. HP: 11/22 MP: 1/6
   500 | D:1      | Glimpsed the power of Zot.
   551 | D:1      | Glimpsed the power of Zot.
   593 | D:2      | Reached skill level 1 in Fighting
   804 | D:1      | Reached XP level 3. HP: 26/28 MP: 8/8
  1100 | D:2      | Glimpsed the power of Zot.
  1181 | D:2      | Reached skill level 4 in Fire Magic
  1556 | D:2      | Reached XP level 4. HP: 16/35 MP: 8/10
  1700 | D:2      | Glimpsed the power of Zot.
  1750 | D:2      | Glimpsed the power of Zot.
  1790 | D:3      | Glimpsed the power of Zot.
  1800 | D:3      | Touched by the power of Zot.
  1855 | D:3      | Learned a level 2 spell: Scorch
  1901 | D:3      | Glimpsed the power of Zot.
  1949 | D:3      | Reached XP level 5. HP: 20/28 MP: 2/11
  1951 | D:3      | Glimpsed the power of Zot.
  1990 | D:4      | Noticed a phantom
  1994 | D:4      | Killed a phantom
  1995 | D:4      | Reached XP level 6. HP: 31/46 MP: 9/13
  2174 | D:4      | Reached skill level 5 in Fire Magic
  2211 | D:4      | Reached XP level 7. HP: 45/57 MP: 3/14
  2264 | D:4      | Found a runed translucent door.
  2265 | D:4      | Noticed Crazy Yiuf
  2311 | D:4      | Killed Crazy Yiuf
  2350 | D:4      | Noticed Sigmund
  2361 | D:4      | Killed Sigmund
  2362 | D:4      | Reached skill level 5 in Spellcasting
  2501 | D:4      | Glimpsed the power of Zot.
  2528 | D:4      | Identified the -1 pair of boots of the Known World {Stlth+}
  2551 | D:4      | Glimpsed the power of Zot.
  2561 | D:5      | Entered Level 5 of the Dungeon
  2636 | D:5      | Found a staircase to the Ecumenical Temple.
  2652 | Temple   | Entered the Ecumenical Temple
  2712 | Temple   | Became a worshipper of Vehumet
  2744 | D:5      | Reached XP level 8. HP: 47/66 MP: 9/17
  2749 | D:5      | Reached skill level 6 in Fire Magic
  2820 | D:5      | Reached skill level 5 in Conjurations
  2888 | D:5      | Learned a level 4 spell: Flame Wave
  3188 | D:6      | Reached skill level 5 in Fighting
  3188 | D:6      | Gained mutation: You passively map the area around you.
                  | [Meteoran growth]
  3188 | D:6      | Reached XP level 9. HP: 64/74 MP: 4/19
  3189 | D:6      | Reached * piety under Vehumet
  3189 | D:6      | Offered knowledge of Shock by Vehumet.
  3287 | D:6      | Reached skill level 7 in Fire Magic
  3308 | D:6      | Slain by a wight

Illustrated notes

Levels and vault maps discovered:
D:1:      mrwooster_arrival_arrow, layout_loops_corners, minivault_23
D:2:      layout_loops_corners
D:3:      minmay_roachtagon, layout_basic, ebering_ghost_reflecting_pool,
          st_stairs_4
D:4:      layout_basic, uniq_sigmund, uniq_crazy_yiuf_cottage
D:5:      layout_rooms, nicolae_hepliaklqana_hippocampus,
          minmay_temple_entry_junction, guppyfry_early_lair_pool
D:6:      layout_rooms, mainiacjoe_overflow_cross_hatched
Temple:   zaba_magenta_temple

Skill      XL: |  1  2  3  4  5  6  7  8  9 |
---------------+----------------------------+-----
Spellcasting   | 3 4 5 6 |  6.7
Fighting       | 1 2 3 4 5 |  5.4
Fire Magic     | 4 5 6 7 |  7.1
Conjurations   | 2 3 4 5 6 |  6.2
Dodging        | 3 4 |  4.3
Stealth        | |  1.4

Action                   |  1- 3 |  4- 6 |  7- 9 || total
-------------------------+-------+-------+-------++-------
Melee: Unarmed           |     6 |       |       ||     6
       Dagger            |    78 |    48 |     2 ||   128
       Punch             |     1 |     1 |       ||     2
       Quarterstaff      |       |       |    34 ||    34
 Cast: Foxfire           |    16 |    11 |       ||    27
       Scorch            |       |    24 |    46 ||    70
       Flame Wave        |       |       |     7 ||     7
  Use: Scroll            |     4 |     5 |     4 ||    13
       Potion            |       |     2 |     1 ||     3
 Stab: Sleeping          |     1 |       |       ||     1
Armor: Robe              |    22 |    18 |     6 ||    46
       Ring mail         |       |       |    16 ||    16
Dodge: Dodged            |    61 |    27 |    26 ||   114

Table legend: (Time is in decaauts)
 A = Elapsed time spent in this place.
 B = Non-inter-level travel time spent in this place.
 C = Inter-level travel time spent in this place.
 D = Time resting spent in this place.
 E = Time spent auto-exploring this place.
 F = Levels seen in this place.
 G = Mean time per level.
                   A        B        C        D        E       F      G
               +--------+--------+--------+--------+--------+-----+--------+
         Total |   3315 |   3161 |    154 |    111 |   1509 |   7 |  473.6 |
       Dungeon |   3239 |   3085 |    154 |    111 |   1509 |   6 |  539.8 |
        Temple |     76 |     76 |      0 |      0 |      0 |   1 |   76.0 |
               +--------+--------+--------+--------+--------+-----+--------+

Top non-repeatable levels by time:
     D:1: 999 daAuts
     D:2: 764 daAuts
     D:4: 642 daAuts
     D:5: 403 daAuts
     D:3: 225 daAuts
     D:6: 204 daAuts
  Temple: 76 daAuts
